| TOP OF THE 1ST |
|
Wisconsin Rapids Timber Rattlers batting - Pitching for Decatur Commodores : LHP Carlos Montaneze
|
|
Pitching: LHP Carlos Montaneze
|
|
|
Batting: RHB Jim Presley
|
0-0: Ball 1-0: Ball 2-0: Foul Ball, location: 2F 2-1: Foul Ball, location: 2F 2-2: Strikes out looking
|
|
Batting: RHB Darryl Motley
|
0-0: Foul Ball, location: 2F 0-1: Ball 1-1: Ball 2-1: Ball 3-1: Fly out, F7 (Flyball, 7, EV 87.5 MPH)
|
|
Batting: LHB Dion James
|
0-0: Called Strike 0-1: Ball 1-1: Foul Ball, location: 2F 1-2: Ball 2-2: Ball 3-2: DOUBLE (Line Drive, 9LS, EV 99.4 MPH)
|
|
Batting: RHB Tim Pyznarski
|
0-0: Called Strike 0-1: Foul Ball, location: 2F 0-2: Foul Ball, location: 2F 0-2: Strikes out swinging
|
| Top of the 1st over - 0 runs, 1 hit, 0 errors, 1 left on base; Wisconsin Rapids 0 - Decatur 0 |
| BOTTOM OF THE 1ST |
|
Decatur Commodores batting - Pitching for Wisconsin Rapids Timber Rattlers : LHP Jesus Sausedo
|
|
Pitching: LHP Jesus Sausedo
|
|
|
Batting: LHB Alexis Marte
|
0-0: Foul Ball, location: 2F 0-1: Fly out, F6 (Flyball, 6MD, EV 81.9 MPH)
|
|
Batting: SHB Roger Holt
|
0-0: Foul Ball, location: 2F 0-1: Ball 1-1: Ball 2-1: Foul Ball, location: 2F 2-2: Fly out, F7 (Flyball, 78S, EV 93.8 MPH)
|
|
Batting: SHB Rondin Johnson
|
0-0: Ball 1-0: Swinging Strike 1-1: Ball 2-1: Swinging Strike 2-2: Ball 3-2: Base on Balls
|
|
Batting: RHB Clifton Wilder
|
0-0: Ground out 1-3 (Groundball, 34S, EV 70.0 MPH)
|
| Bottom of the 1st over - 0 runs, 0 hits, 0 errors, 1 left on base; Wisconsin Rapids 0 - Decatur 0 |
| TOP OF THE 2ND |
|
Wisconsin Rapids Timber Rattlers batting - Pitching for Decatur Commodores : LHP Carlos Montaneze
|
|
Batting: LHB Greg Smith
|
0-0: Ball 1-0: Called Strike 1-1: Ground out 4-3 (Groundball, 4, EV 108.8 MPH)
|
|
Batting: RHB Al Pedrique
|
0-0: Ball 1-0: Ball 2-0: Fly out, F8 (Line Drive, 8RM, EV 93.8 MPH)
|
|
Batting: LHB Jeff Kenaga
|
0-0: Ball 1-0: SINGLE (Line Drive, 89S, EV 103.1 MPH)
|
|
Batting: RHB Phil Lombardi
|
0-0: Called Strike 0-1: Foul Ball, location: 2F 0-2: Foul Ball, location: 2F 0-2: Ball 1-2: 2-RUN HOME RUN (Flyball, 7LD, EV 106.9 MPH), Distance : 365 ft
|
|
Batting: LHB Jimmy Hickman
|
0-0: Ball 1-0: Swinging Strike 1-1: Ground out U3 (Groundball, 34, EV 81.9 MPH)
|
| Top of the 2nd over - 2 runs, 2 hits, 0 errors, 0 left on base; Wisconsin Rapids 2 - Decatur 0 |
| BOTTOM OF THE 2ND |
|
Decatur Commodores batting - Pitching for Wisconsin Rapids Timber Rattlers : LHP Jesus Sausedo
|
|
Batting: SHB Daniel Wieser
|
0-0: Ball 1-0: Foul Ball, location: 2F 1-1: Called Strike 1-2: Ball 2-2: Fly out, F9 (Line Drive, 9D, EV 85.6 MPH)
|
|
Batting: LHB Jerry Miller
|
0-0: Ball 1-0: Ground out 4-3 (Groundball, 34, EV 80.0 MPH)
|
|
Batting: RHB Miguelito DeLaCruz
|
0-0: Called Strike 0-1: SINGLE (Groundball, 6MD, EV 105.6 MPH)
|
|
Batting: LHB Samuel Taves
|
0-0: Ball 1-0: Swinging Strike 1-1: Ball 2-1: Reached on error, E3 (Groundball, 34, EV 111.9 MPH) Miguelito DeLaCruz to second
|
|
Batting: RHB Rafael Sanchez
|
0-0: Fly out, F4 (Popup, 34D, EV 50.0 MPH)
|
| Bottom of the 2nd over - 0 runs, 1 hit, 1 error, 2 left on base; Wisconsin Rapids 2 - Decatur 0 |
| TOP OF THE 3RD |
|
Wisconsin Rapids Timber Rattlers batting - Pitching for Decatur Commodores : LHP Carlos Montaneze
|
|
Batting: RHB Jim Presley
|
0-0: Fly out, F8 (Flyball, 8RM, EV 92.5 MPH)
|
|
Batting: RHB Darryl Motley
|
0-0: Ground out 5-3 (Groundball, 5, EV 86.9 MPH)
|
|
Batting: LHB Dion James
|
0-0: Ball 1-0: Foul Ball, location: 2F 1-1: DOUBLE (Line Drive, 9LS, EV 92.5 MPH)
|
|
Batting: RHB Tim Pyznarski
|
0-0: Called Strike 0-1: Ball 1-1: Ground out 2-3 (Groundball, 15S, EV 70.0 MPH)
|
| Top of the 3rd over - 0 runs, 1 hit, 0 errors, 1 left on base; Wisconsin Rapids 2 - Decatur 0 |
| BOTTOM OF THE 3RD |
|
Decatur Commodores batting - Pitching for Wisconsin Rapids Timber Rattlers : LHP Jesus Sausedo
|
|
Batting: LHB Alexis Marte
|
0-0: Ball 1-0: Swinging Strike 1-1: Ball 2-1: Ground out 4-3 (Groundball, 4, EV 105.6 MPH)
|
|
Batting: SHB Roger Holt
|
0-0: Called Strike 0-1: Called Strike 0-2: Foul Ball, location: 2F 0-2: Ground out 6-3 (Groundball, 56D, EV 100.6 MPH)
|
|
Batting: SHB Rondin Johnson
|
0-0: Called Strike 0-1: Ball 1-1: Ball 2-1: Fly out, F1 (Line Drive, P, EV 71.9 MPH)
|
| Bottom of the 3rd over - 0 runs, 0 hits, 0 errors, 0 left on base; Wisconsin Rapids 2 - Decatur 0 |
| TOP OF THE 4TH |
|
Wisconsin Rapids Timber Rattlers batting - Pitching for Decatur Commodores : LHP Carlos Montaneze
|
|
Batting: LHB Greg Smith
|
0-0: Called Strike 0-1: DOUBLE (Line Drive, 78M, EV 103.1 MPH)
|
|
Batting: RHB Al Pedrique
|
0-0: Ball 1-0: Called Strike 1-1: SINGLE (Groundball, 4M, EV 78.8 MPH) (infield hit) Greg Smith to third
|
|
Batting: LHB Jeff Kenaga
|
0-0: Ball 1-0: Called Strike 1-1: Ball 2-1: Ball 3-1: Grounds into double play, 6-4-3 (Groundball, 6, EV 92.5 MPH) Greg Smith scores
|
|
Batting: RHB Phil Lombardi
|
0-0: Ball 1-0: Fly out, F4 (Popup, 4, EV 51.9 MPH)
|
| Top of the 4th over - 1 run, 2 hits, 0 errors, 0 left on base; Wisconsin Rapids 3 - Decatur 0 |
| BOTTOM OF THE 4TH |
|
Decatur Commodores batting - Pitching for Wisconsin Rapids Timber Rattlers : LHP Jesus Sausedo
|
|
Batting: RHB Clifton Wilder
|
0-0: Called Strike 0-1: SINGLE (Line Drive, 9LS, EV 88.8 MPH)
|
|
Batting: SHB Daniel Wieser
|
0-0: Ball 1-0: Called Strike 1-1: Called Strike 1-2: SINGLE (Line Drive, 6D, EV 95.0 MPH) Clifton Wilder to second
|
|
Batting: LHB Jerry Miller
|
0-0: Ball Clifton Wilder steals 3rd base 1-0: Called Strike 1-1: Ball 2-1: Ball Wild Pitch! Clifton Wilder scores Daniel Wieser to second 3-1: Ground out 4-3 (Groundball, 4M, EV 101.3 MPH) Daniel Wieser to third
|
|
Batting: RHB Miguelito DeLaCruz
|
0-0: Called Strike 0-1: Ground out 5-3 (Groundball, 5S, EV 81.3 MPH)
|
|
Batting: LHB Samuel Taves
|
0-0: Called Strike 0-1: Ball 1-1: Ball 2-1: Ball 3-1: Called Strike 3-2: Base on Balls
|
|
Batting: RHB Rafael Sanchez
|
0-0: Ball 1-0: Swinging Strike 1-1: Ball 2-1: Reached on error, E9 (Flyball, 9LS, EV 95.0 MPH) Daniel Wieser scores Samuel Taves to third
|
|
Batting: LHB Alexis Marte
|
0-0: Ground out 4-3 (Groundball, 4, EV 81.3 MPH)
|
| Bottom of the 4th over - 2 runs, 2 hits, 1 error, 2 left on base; Wisconsin Rapids 3 - Decatur 2 |
| TOP OF THE 5TH |
|
Wisconsin Rapids Timber Rattlers batting - Pitching for Decatur Commodores : LHP Carlos Montaneze
|
|
Batting: LHB Jimmy Hickman
|
0-0: Foul Ball, location: 2F 0-1: Fly out, F9 (Line Drive, 9, EV 85.6 MPH)
|
|
Batting: RHB Jim Presley
|
0-0: Called Strike 0-1: Swinging Strike 0-2: Ball 1-2: Foul Ball, location: 2F 1-2: Strikes out swinging
|
|
Batting: RHB Darryl Motley
|
0-0: Called Strike 0-1: Fly out, F9 (Flyball, 9LS, EV 86.9 MPH)
|
| Top of the 5th over - 0 runs, 0 hits, 0 errors, 0 left on base; Wisconsin Rapids 3 - Decatur 2 |
| BOTTOM OF THE 5TH |
|
Decatur Commodores batting - Pitching for Wisconsin Rapids Timber Rattlers : LHP Jesus Sausedo
|
|
Batting: SHB Roger Holt
|
0-0: Fly out, F8 (Line Drive, 8LD, EV 93.1 MPH)
|
|
Batting: SHB Rondin Johnson
|
0-0: DOUBLE (Line Drive, 78D, EV 108.8 MPH)
|
|
Batting: RHB Clifton Wilder
|
0-0: Ball 1-0: Ball 2-0: Ground out U3 (Groundball, 34, EV 103.8 MPH) Rondin Johnson to third
|
|
Batting: SHB Daniel Wieser
|
0-0: Ball 1-0: Ball 2-0: Ball 3-0: Base on Balls
|
|
Batting: LHB Jerry Miller
|
0-0: Ball 1-0: Ball 2-0: Swinging Strike 2-1: Foul Ball, location: 2F 2-2: Fly out, F5 (Popup, 5SF, EV 72.5 MPH)
|
| Bottom of the 5th over - 0 runs, 1 hit, 0 errors, 2 left on base; Wisconsin Rapids 3 - Decatur 2 |
| TOP OF THE 6TH |
|
Wisconsin Rapids Timber Rattlers batting - Pitching for Decatur Commodores : LHP Carlos Montaneze
|
|
Batting: LHB Dion James
|
0-0: Ball 1-0: Ball 2-0: Fly out, F7 (Flyball, 7LS, EV 94.4 MPH)
|
|
Batting: RHB Tim Pyznarski
|
0-0: Ground out 1-3 (Groundball, 15S, EV 72.5 MPH)
|
|
Batting: LHB Greg Smith
|
0-0: SINGLE (Groundball, 3D, EV 106.9 MPH)
|
|
Batting: RHB Al Pedrique
|
0-0: Ball 1-0: Called Strike 1-1: SINGLE (Line Drive, 78S, EV 95.0 MPH) Greg Smith to second
|
|
Batting: LHB Jeff Kenaga
|
0-0: Called Strike 0-1: Called Strike 0-2: Ball 1-2: Ball 2-2: Ball 3-2: Strikes out swinging
|
| Top of the 6th over - 0 runs, 2 hits, 0 errors, 2 left on base; Wisconsin Rapids 3 - Decatur 2 |
| BOTTOM OF THE 6TH |
|
Decatur Commodores batting - Pitching for Wisconsin Rapids Timber Rattlers : LHP Jesus Sausedo
|
|
Batting: RHB Miguelito DeLaCruz
|
0-0: Ball 1-0: Called Strike 1-1: Foul Ball, location: 2F 1-2: Ball 2-2: Fly out, F8 (Flyball, 8RD, EV 98.1 MPH)
|
|
Batting: LHB Samuel Taves
|
0-0: Ball 1-0: Foul Ball, location: 2F 1-1: Ball 2-1: Called Strike 2-2: Foul Ball, location: 2F 2-2: Ground out 6-3 (Groundball, 56, EV 85.6 MPH)
|
|
Batting: RHB Rafael Sanchez
|
0-0: Ball 1-0: Swinging Strike 1-1: Called Strike 1-2: Ball 2-2: Fly out, F4 (Flyball, 4MD, EV 87.5 MPH)
|
| Bottom of the 6th over - 0 runs, 0 hits, 0 errors, 0 left on base; Wisconsin Rapids 3 - Decatur 2 |
| TOP OF THE 7TH |
|
Wisconsin Rapids Timber Rattlers batting - Pitching for Decatur Commodores : LHP Carlos Montaneze
|
|
Batting: RHB Phil Lombardi
|
0-0: Called Strike 0-1: Swinging Strike 0-2: Ground out 5-3 (Groundball, 56S, EV 81.3 MPH)
|
|
Batting: LHB Jimmy Hickman
|
0-0: Fly out, F8 (Flyball, 8LXD, EV 92.5 MPH)
|
|
Batting: RHB Jim Presley
|
0-0: Foul Ball, location: 2F 0-1: Swinging Strike 0-2: SINGLE (Line Drive, 78S, EV 88.8 MPH)
|
|
Batting: RHB Darryl Motley
|
0-0: Swinging Strike 0-1: Called Strike 0-2: Ball 1-2: Foul Ball, location: 2F 1-2: Fly out, F8 (Flyball, 8RD, EV 105.0 MPH)
|
| Top of the 7th over - 0 runs, 1 hit, 0 errors, 1 left on base; Wisconsin Rapids 3 - Decatur 2 |
| BOTTOM OF THE 7TH |
|
Decatur Commodores batting - Pitching for Wisconsin Rapids Timber Rattlers : LHP Jesus Sausedo
|
|
Batting: LHB Alexis Marte
|
0-0: Fly out, F8 (Flyball, 78M, EV 81.9 MPH)
|
|
Batting: SHB Roger Holt
|
0-0: Ball 1-0: Swinging Strike 1-1: Ball 2-1: Foul Ball, location: 2F 2-2: Strikes out swinging
|
|
Batting: SHB Rondin Johnson
|
0-0: Foul Ball, location: 2F 0-1: Ball 1-1: Ground out 5-3 (Groundball, 5, EV 85.0 MPH)
|
| Bottom of the 7th over - 0 runs, 0 hits, 0 errors, 0 left on base; Wisconsin Rapids 3 - Decatur 2 |
| TOP OF THE 8TH |
|
Wisconsin Rapids Timber Rattlers batting - Pitching for Decatur Commodores : LHP Carlos Montaneze
|
|
Pitching: RHP Ty Hubbard
|
|
|
Batting: LHB Dion James
|
0-0: Ball 1-0: Ball 2-0: Foul Ball, location: 2F 2-1: Ball 3-1: Fly out, F4 (Popup, 4S, EV 80.6 MPH)
|
|
Batting: RHB Tim Pyznarski
|
0-0: Ball 1-0: Called Strike 1-1: Ground out 5-3 (Groundball, 56, EV 81.3 MPH)
|
|
Batting: LHB Greg Smith
|
0-0: Swinging Strike 0-1: Ball 1-1: Ball 2-1: Ground out 4-3 (Groundball, 4, EV 90.0 MPH)
|
| Top of the 8th over - 0 runs, 0 hits, 0 errors, 0 left on base; Wisconsin Rapids 3 - Decatur 2 |
| BOTTOM OF THE 8TH |
|
Decatur Commodores batting - Pitching for Wisconsin Rapids Timber Rattlers : LHP Jesus Sausedo
|
|
Pitching: RHP Mark Williamson
|
|
|
Batting: RHB Clifton Wilder
|
0-0: Called Strike 0-1: Foul Ball, location: 2F 0-2: Foul Ball, location: 2F 0-2: Ball 1-2: Reached on error, E6 (Groundball, 56, EV 86.3 MPH)
|
|
Batting: SHB Daniel Wieser
|
0-0: Ball 1-0: Ball 2-0: Ball 3-0: Base on Balls
|
|
Batting: LHB Jerry Miller
|
0-0: Ball 1-0: Ball 2-0: Bunt missed! 2-1: Sac Bunt to 15 - play at first, batter OUT! 1-4 Clifton Wilder to third Daniel Wieser to second
|
|
Pinch Hitting: LHB David Showalter
|
0-0: Ball 1-0: Ball 2-0: Fly out, F6 (Popup, 6MD, EV 50.0 MPH)
|
|
Batting: LHB Samuel Taves
|
0-0: Ball 1-0: Swinging Strike 1-1: Ball 2-1: Ground out 4-3 (Groundball, 4, EV 79.4 MPH)
|
| Bottom of the 8th over - 0 runs, 0 hits, 1 error, 2 left on base; Wisconsin Rapids 3 - Decatur 2 |
| TOP OF THE 9TH |
|
Wisconsin Rapids Timber Rattlers batting - Pitching for Decatur Commodores : RHP Ty Hubbard
|
|
Now at C: Michael Melton
|
|
|
Batting: RHB Al Pedrique
|
0-0: Fly out, F3 (Popup, 3S, EV 80.6 MPH)
|
|
Batting: LHB Jeff Kenaga
|
0-0: Foul Ball, location: 2F 0-1: Foul Ball, location: 2F 0-2: Ball 1-2: DOUBLE (Line Drive, 7LM, EV 98.8 MPH)
|
|
Pinch Runner at 2nd Barbaro Garbey:
|
|
|
Batting: RHB Phil Lombardi
|
0-0: Called Strike 0-1: Reached on error, E5 (Groundball, 5L, EV 93.8 MPH) Barbaro Garbey to third
|
|
Batting: LHB Jimmy Hickman
|
0-0: Foul Ball, location: 2F 0-1: Ball 1-1: Ball 2-1: Ball 3-1: Fly out, F7 (Flyball, 7S, EV 90.0 MPH) Runner from 3rd tags up, SCORES, throw by LF
|
|
Batting: RHB Jim Presley
|
0-0: Ball 1-0: Fly out, F7 (Line Drive, 7, EV 101.3 MPH)
|
| Top of the 9th over - 1 run, 1 hit, 1 error, 1 left on base; Wisconsin Rapids 4 - Decatur 2 |
| BOTTOM OF THE 9TH |
|
Decatur Commodores batting - Pitching for Wisconsin Rapids Timber Rattlers : RHP Mark Williamson
|
|
Batting: RHB Rafael Sanchez
|
0-0: Ground out 6-3 (Groundball, 6S, EV 93.1 MPH)
|
|
Batting: LHB Alexis Marte
|
0-0: Ball 1-0: Called Strike 1-1: Ground out 1-3 (Groundball, P, EV 68.1 MPH)
|
|
Batting: SHB Roger Holt
|
0-0: Called Strike 0-1: Ball 1-1: Reached on error, E5 (Groundball, 56, EV 80.0 MPH)
|
|
Batting: SHB Rondin Johnson
|
0-0: Ball 1-0: Ball 2-0: Ball 3-0: Called Strike 3-1: Called Strike 3-2: Base on Balls Roger Holt to second
|
|
Batting: RHB Clifton Wilder
|
0-0: Ball 1-0: Ball 2-0: Ball 3-0: Base on Balls Roger Holt to third Rondin Johnson to second
|
|
Pitching: RHP Steve Korczyk
|
|
|
Batting: SHB Daniel Wieser
|
0-0: Ball 1-0: Called Strike 1-1: Ball 2-1: Swinging Strike 2-2: Ball 3-2: Ground out 5-3 (Groundball, 56S, EV 76.3 MPH)
|
| Bottom of the 9th over - 0 runs, 0 hits, 1 error, 3 left on base; Wisconsin Rapids 4 - Decatur 2 |
|